 Dungeon Crawl Stone Soup version 0.26.1-11-gd32895ea62 (webtiles) character file.

Game seed: 12555914800338119802

224 jlumianski the Caller (level 5, -2/21 HPs)
             Began as a Felid Summoner on June 2, 2021.
             Slain by a centaur
             ... wielding a +0 falchion
              (10 damage)
             ... on level 7 of the Dungeon.
             The game lasted 00:27:14 (6912 turns).

jlumianski the Caller (Felid Summoner)              Turns: 6912, Time: 00:27:15

Health: -2/21      AC:  2    Str:  4    XL:     5   Next: 67%
Magic:  13/13      EV: 18    Int: 19    God:
Gold:   266        SH:  0    Dex: 16    Spells: 8/14 levels left
                                        Lives:  0   Deaths: 2

rFire    . . .     SeeInvis +   (weapon unavailable)
rCold    . . .     Faith    .   (shield unavailable)
rNeg     . . .     Spirit   .   (armour unavailable)
rPois    .         Reflect  .   (helmet unavailable)
rElec    .         Harm     .   (cloak unavailable)
rCorr    .         Rampage  .   (gloves unavailable)
Will     .....                  (boots unavailable)
Stlth    +++.......             f - amulet of magic regeneration
HPRegen  0.07/turn              (no ring)
MPRegen  0.38/turn              (no ring)

@: quick
A: very small, no armour, no weapons or thrown items, stealth, claws 1, fangs 3,
see invisible, speed 1, shaggy fur 2, sharp paws
a: no special abilities


You were on level 7 of the Dungeon.
You visited 1 branch of the dungeon, and saw 8 of its levels.

You collected 266 gold pieces.

Inventory:

Jewellery
 f - an amulet of magic regeneration (around neck)
 m - an uncursed ring of willpower {unknown}
Wands
 l - a wand of polymorph (6)
Scrolls
 b - 4 scrolls of teleportation
 g - 4 scrolls of identify
 h - 4 scrolls of remove curse
 i - 3 scrolls of amnesia
 n - 2 scrolls of immolation
Potions
 a - 3 potions of might
 c - a potion of attraction {unknown}
 d - a potion of haste {unknown}
 e - 4 potions of curing
 j - a potion of brilliance
 k - 2 potions of flight
 o - 2 potions of heal wounds {unknown}
 p - a potion of invisibility {unknown}
 q - a potion of mutation {unknown}
 r - a potion of degeneration {unknown}


   Skills:
 + Level 3.1 Dodging
 + Level 4.0 Stealth
 + Level 0.4 Unarmed Combat
 + Level 5.3 Spellcasting
 + Level 6.5 Summonings


You had 8 spell levels left.
You knew the following spells:

 Your Spells              Type           Power        Failure   Level
a - Summon Small Mammal   Summ           100%         1%          1
b - Call Imp              Summ           29%          1%          2
c - Call Canine Familiar  Summ           29%          2%          3

Your spell library contained the following spells:

 Spells                   Type           Power        Failure   Level
 Summon Guardian Golem    Hex/Summ       17%          10%         3
 Corona                   Hex            5%           12%         1
 Ensorcelled Hibernation  Hex/Ice        10%          19%         2
 Summon Ice Beast         Ice/Summ       17%          30%         4
 Summon Lightning Spire   Summ/Air       17%          30%         4
 Confusing Touch          Hex            5%           34%         3
 Dazzling Flash           Conj/Hex       10%          34%         3
 Tukima's Dance           Hex            5%           34%         3


Dungeon Overview and Level Annotations

Branches:
Dungeon (8/15)
 Temple: D:4-7         Lair: D:8-11

Altars:
Cheibriados
Dithmenos
Nemelex Xobeh
Sif Muna
Trog
Vehumet
Yredelemnul
Zin
The Shining One


Innate Abilities, Weirdness & Mutations

You cannot wear armour.
You are incapable of wielding weapons or throwing items.
Your paws allow you to move quietly. (Stealth)
You have sharp claws.
You have razor-sharp teeth.
You have supernaturally acute eyesight. (SInv)
You cover ground quickly.
You are covered in thick fur. (AC +2)
Your sharp claws are effective at attacking unaware monsters.


Message History

Here: a centaur, wielding a +0 falchion and quivering 11 arrows The floor.
You feel better. The centaur closely misses you.
The centaur hits you with a +0 falchion.
You scratch the centaur.
The centaur is lightly wounded.
Your hound barely misses the centaur.
The centaur hits you but does no damage.
Your hound bites the centaur.
The centaur hits you with a +0 falchion.
You scratch the centaur but do no damage.
The centaur is lightly wounded.
Your hound bites the centaur but does no damage.
The centaur completely misses you.
You barely miss the centaur.
The centaur is lightly wounded.
Your hound bites the centaur.
The centaur completely misses you.
Your hound barely misses the centaur.
The centaur hits you with a +0 falchion!
You die...

.....).......(.......
#..##########.##########.#.#
#.. #((#...........#
#######(.............#
#.......(#.#######.#.#
#.......c#.# #.#.#
#........#.# #.#.#
#.....(###c##### #.#.#
#.....5+5h@....# #.#.#
###......#5#####.# #.#.##
#.....(..#.#.5.r.# #.#..##
#....##'##5#5#######.#...#
#....#...................#
#....#.)##.#.#...#####...#
+..........#....## ##..#
#.......####.##.# #..#
#....##.......#.# #..#


You could see a centaur, a friendly hound (summoned), a friendly crimson imp
(summoned) and a friendly white imp (summoned).

Vanquished Creatures
  An ufetubus (D:5)
  A worm (D:2)
  A leopard gecko (D:3)
  2 goblins
  A hobgoblin (D:1)
  A quokka (D:2)
  6 rats
13 creatures vanquished.

Vanquished Creatures (collateral kills)
  Sigmund (D:5)
  2 ogres
  A wolf (D:6)
  A centaur (D:6)
  A bullfrog (D:6)
  3 scorpions
  4 howler monkeys
  2 hounds
  An orc wizard (D:4)
  3 iguanas
  2 worker ants
  3 adders (D:2)
  3 gnolls (D:2)
  2 white imps (D:5)
  3 worms
  A leopard gecko (D:6)
  11 orcs
  2 giant cockroaches
  7 goblins
  6 hobgoblins
  5 kobolds
  A quokka (D:5)
  6 bats
  5 frilled lizards
  A leopard gecko skeleton (D:5)
  A leopard gecko zombie (D:5)
  2 quokka skeletons (D:4)
  2 rats
82 creatures vanquished.

Grand Total: 95 creatures vanquished

Notes
Turn   | Place    | Note
-------+----------+-------------------------------------------
     0 | D:1      | jlumianski the Felid Summoner began the quest for the Orb.
     0 | D:1      | Reached XP level 1. HP: 7/7 MP: 4/4
   864 | D:1      | Reached XP level 2. HP: 11/11 MP: 1/6
   874 | D:1      | Learned a level 2 spell: Call Imp
  1224 | D:2      | Reached XP level 3. HP: 14/14 MP: 2/7
  1432 | D:2      | Found a shimmering blue altar of Sif Muna.
  1433 | D:2      | Found a snail-covered altar of Cheibriados.
  1576 | D:2      | Learned a level 3 spell: Call Canine Familiar
  1775 | D:2      | Found a glowing silver altar of Zin.
  1797 | D:2      | Found a shadowy altar of Dithmenos.
  2472 | D:3      | Reached XP level 4. HP: 18/18 MP: 9/9
  2772 | D:4      | Found a sparkling altar of Nemelex Xobeh.
  2789 | D:4      | Found a basalt altar of Yredelemnul.
  3607 | D:5      | Entered Level 5 of the Dungeon
  3652 | D:5      | Reached skill level 5 in Summonings
  3652 | D:5      | Reached XP level 5. HP: 21/21 MP: 5/11
  3748 | D:5      | Noticed Sigmund
  3767 | D:5      | Killed Sigmund
  4280 | D:5      | Gained mutation: You are covered in thick fur. (AC +2)
                  | [Felid growth]
  4280 | D:5      | Reached XP level 6. HP: 24/24 MP: 13/13
  4527 | D:5      | Found a radiant altar of Vehumet.
  4628 | D:5      | Found a bloodstained altar of Trog.
  5141 | D:6      | Reached skill level 6 in Summonings
  5267 | D:6      | Found a glowing golden altar of the Shining One.
  5508 | D:6      | Reached XP level 7. HP: 4/27 MP: 10/15
  5911 | D:6      | Mangled by a centaur
  5912 | D:6      | Reached XP level 6. HP: -7/24 MP: 12/14
  5912 | D:6      | Reached skill level 5 in Spellcasting
  6788 | D:7      | Shot with an arrow by a centaur
  6789 | D:7      | Reached XP level 5. HP: -4/21 MP: 13/13
  6815 | D:7      | Noticed an ogre
  6827 | D:7      | Killed an ogre
  6912 | D:7      | Slain by a centaur

Illustrated notes

Levels and vault maps discovered:
D:1:      psy_arrival_terrarium, layout_basic
D:2:      layout_rooms, nicolae_overflow_hidden_temple
D:3:      layout_loops_ring
D:4:      layout_layer_cave, kennysheep_mini_moat, lemuel_crystal_altar
D:5:      layout_gridville, lightli_temple_of_fire, vehumet_crystals,
          serial_bayou_crossing, uniq_sigmund
D:6:      layout_basic, general_overflow_altar
D:7:      layout_basic, old_standard_altar, minmay_temple_entry_grid, hex_tiny,
          minmay_fire_ice_demons, uniq_joseph
D:8:      layout_basic, dancing_weapons_uskayaw, basic_altar

Skill      XL: |  1  2  3  4  5  6 |
---------------+-------------------+-----
Stealth        | 3 4 |  4.0
Dodging        | 3 |  3.1
Spellcasting   | 3 4 5 |  5.3
Summonings     | 5 6 |  6.5
Unarmed Combat | |  0.4

Action                   |  1- 3 |  4- 6 |  7- 9 || total
-------------------------+-------+-------+-------++-------
Melee: Unarmed           |    13 |    25 |    10 ||    48
       Bite              |       |     2 |     1 ||     3
       Punch             |       |     1 |       ||     1
 Cast: Summon Small Mamm |    81 |    25 |     3 ||   109
       Call Imp          |    37 |    60 |     3 ||   100
       Call Canine Famil |     4 |    23 |     1 ||    28
Evoke: Wand              |       |     1 |       ||     1
  Use: Scroll            |     3 |     6 |       ||     9
       Potion            |     3 |     3 |       ||     6
 Stab: Sleeping          |     9 |     2 |       ||    11
       Distracted        |     1 |       |     1 ||     2
Armor: Skin              |     3 |     2 |       ||     5
Dodge: Dodged            |    24 |    47 |    12 ||    83
